 Dungeon Crawl Stone Soup version 0.20-a0-739-g6bb112f (webtiles) character file.

296 polly the Slasher (level 6, -4/46 HPs)
             Began as a Demonspawn Gladiator on Feb 24, 2017.
             Slain by Sigmund
             ... wielding a +0 scythe
              (11 damage)
             ... on level 4 of the Dungeon.
             The game lasted 00:04:21 (3397 turns).

polly the Slasher (Demonspawn Gladiator)            Turns: 3397, Time: 00:04:21

Health: -4/46      AC: 10    Str: 17    XL:     6   Next: 12%
Magic:  6/6        EV:  8    Int:  9    God:
Gold:   95         SH:  0    Dex: 14    Spells: 5/5 levels left

rFire    . . .     SeeInvis .   a - +0 long sword
rCold    . . .     Gourm    .   v - +0 chain mail
rNeg     + . .     Faith    .   (no shield)
rPois    .         Spirit   .   c - +0 helmet
rElec    .         Reflect  .   o - +0 cloak
rCorr    .         Harm     .   (no gloves)
MR       .....                  (no boots)
Stlth    ..........             (no amulet)
Regen    0.2/turn               q - ring of stealth
MPRegen  0.1/turn               k - ring of positive energy

@: drained
A: foul stench 1, rot immunity
a: no special abilities


You were on level 4 of the Dungeon.
You were hungry.

You visited 1 branch of the dungeon, and saw 4 of its levels.

You collected 95 gold pieces.

Inventory:

Hand Weapons
 a - a +0 long sword (weapon)
Missiles
 d - 3 throwing nets (quivered)
Armour
 c - a +0 helmet (worn)
 o - a +0 cloak (worn)
 v - a +0 chain mail (worn)
Jewellery
 k - a ring of positive energy (left hand)
 q - a ring of stealth (right hand)
Scrolls
 g - a scroll of noise {unknown}
 i - 4 scrolls of blinking {unknown}
 j - 3 scrolls of remove curse {unknown}
 l - 2 scrolls of fog {unknown}
 m - 3 scrolls of identify {unknown}
 r - a scroll of random uselessness {unknown}
 u - 5 scrolls of teleportation {unknown}
 w - a scroll of amnesia {unknown}
 y - a scroll of immolation {unknown}
Potions
 b - a potion of ambrosia {unknown}
 e - a potion of brilliance
 n - a potion of curing {unknown}
 p - a potion of agility
 s - a potion of cancellation
 t - a potion of resistance {unknown}
Comestibles
 f - 3 bread rations
 h - a royal jelly
 x - 2 meat rations


   Skills:
 + Level 2.8(2.4) Fighting
 + Level 4.7(4.2) Long Blades
 + Level 1.8(1.4) Throwing
 + Level 2.2(1.8) Armour
 + Level 3.6(3.1) Dodging


You had 5 spell levels left.
You didn't know any spells.

Dungeon Overview and Level Annotations

Branches:
Dungeon (4/15)
 Temple: D:4-7

Altars:
Fedhas
Kikubaaqudgha
Nemelex Xobeh
The Shining One

Annotations:
D:4 Robin, Sigmund


Innate Abilities, Weirdness & Mutations

You may emit foul miasma when damaged in melee.
You are immune to rotting.


Message History

It was a potion of agility.
You feel agile all of a sudden. Robin closely misses you.
You hear some strange, mumbled words.
A magic dart appears from out of thin air!
The magic dart hits you!
It was a potion of cancellation.
Your magical effects are unravelling.
You feel magically purged.
You feel a little less clever now.
You feel a little less agile now. Robin hits you but does no damage.
Something hits you but does no damage.
Okay, then.
Your chain mail prevents you from hitting something.
Robin hits you but does no damage. x2
Your chain mail prevents you from hitting something.
Something hits you.
* * * LOW HITPOINT WARNING * * *
Robin hits you but does no damage. Something hits you!
You die...

gg.##...... g.g.....#
......# #....# #.# #g#
#{# #)# #@# ########)#
#........# #.#####..#
#..# ###..##
#########.###.....#
........#.........###
.######.#####.........


You could see Robin.

Vanquished Creatures
  A vampire bat (D:3)
  An orc priest (D:3)
  2 orc wizards (D:3)
  6 adders
  A worm (D:2)
  2 dart slugs
  14 orcs (D:3)
  3 bat skeletons (D:3)
  2 bat zombies (D:3)
  5 giant cockroaches
  9 hobgoblins
  4 jackals (D:1)
  13 kobolds
  A quokka (D:3)
  A ball python (D:2)
  12 bats
  2 frilled lizards
  13 goblins
  3 rats
95 creatures vanquished.

Notes
Turn   | Place    | Note
-------+----------+-------------------------------------------
     0 | D:1      | polly the Demonspawn Gladiator began the quest for the Orb.
     0 | D:1      | Reached XP level 1. HP: 16/16 MP: 1/1
   190 | D:1      | Gained mutation: You are immune to rotting. [demonic ancestry]
   190 | D:1      | Reached XP level 2. HP: 12/22 MP: 2/2
   540 | D:1      | Found a glowing golden altar of the Shining One.
   625 | D:1      | Reached skill level 3 in Long Blades
   717 | D:1      | Reached skill level 1 in Armour
   717 | D:1      | Gained mutation: You may emit foul miasma when damaged in melee. [demonic ancestry]
   717 | D:1      | Reached XP level 3. HP: 16/27 MP: 3/3
  1737 | D:2      | Reached XP level 4. HP: 33/33 MP: 4/4
  2074 | D:3      | Found an ancient bone altar of Kikubaaqudgha.
  2147 | D:3      | Reached skill level 4 in Long Blades
  2157 | D:3      | Reached XP level 5. HP: 30/39 MP: 5/5
  2280 | D:3      | Found a faded altar of an unknown god.
  3134 | D:3      | Found a sparkling altar of Nemelex Xobeh.
  3136 | D:3      | Found a blossoming altar of Fedhas.
  3142 | D:3      | Reached XP level 6. HP: 45/46 MP: 6/6
  3354 | D:4      | Noticed Robin
  3366 | D:4      | Noticed Sigmund
  3397 | D:4      | Slain by Sigmund

Vault maps used:
D:1:      saegor_arrival_simple_b, tso_metal_star
D:2:      st_stairs_3
D:3:      gammafunk_temple_overflow_wave, kennysheep_vampire_church,
          chequers_ecumenical_altar_twisty
D:4:      lemuel_doored_altar, uniq_robin, uniq_sigmund

Skill      XL: |  1  2  3  4  5 |
---------------+----------------+-----
Dodging        | 3 |  3.6
Long Blades    | 3 4 |  4.7
Armour         | 1 2 |  2.2
Fighting       | |  2.8
Throwing       | |  1.8

Action                   |  1- 3 |  4- 6 || total
-------------------------+-------+-------++-------
Melee: Long sword        |   122 |   214 ||   336
  Use: Potion            |       |     3 ||     3
  Eat: Chunk             |     2 |     6 ||     8
Armor: Leather armour    |    24 |       ||    24
       Ring mail         |    23 |       ||    23
       Chain mail        |    13 |   200 ||   213
Dodge: Dodged            |   100 |   125 ||   225
       Rpst.: Long sword |    32 |    39 ||    71
